Map: New Repugnancy LE

Players

pHARM - Winner!

  • Race: Zerg Zerg
  • League: Platinum
  • Spawn Location: 7:00

Shock

  • Race: Zerg Zerg
  • League: Diamond
  • Spawn Location: 1:00

VOD

Have the link to the VOD?

Description

Time

  • Played on: June 29, 2019, 7:10 p.m.
  • Length: 8:18
Show
View Real Time Build Order
Export as new Build Order

pHARM Zerg - Winner!

Build Orders: Hatch First, Zergling Baneling 

Get SALT Encoding   

  12  0:03  Drone  
  13  0:15  Drone  
  13  0:20  Overlord  
  14  0:42  Drone x3  
  17  0:54  Hatchery  
  16  0:58  Drone  
  17  1:04  Drone  
  18  1:11  Extractor  
  17  1:19  Drone, Spawning Pool  
  17  1:35  Drone  
  17  1:36  Drone  
  19  1:46  Drone  
  20  1:57  Overlord  
  20  2:06  Queen x2  
  20  2:07  Zergling x2  
  25  2:09  Zergling x2  
  25  2:12  Metabolic Boost  
  26  2:23  Overlord, Zergling x2  
  27  2:42  Baneling Nest  
  26  2:49  Drone  
  26  2:50  Drone x3  
  28  3:13  Drone x2  
  28  3:15  Drone x5  
  35  3:37  Zergling x12  
  35  3:40  Hatchery  
  40  3:49  Overlord x2  
  40  3:50  Zergling x4  
  40  3:51  Zergling x2  
  40  3:53  Zergling x2  
  44  3:57  Baneling x2  
  44  4:08  Baneling x6  
  44  4:11  Zergling x6  
  47  4:31  Zergling x8  
  47  4:32  Zergling x8  
  47  4:37  Zergling x2  
  48  4:56  Zergling x2  
  48  4:57  Zergling x6  
  49  5:00  Zergling x4  
  49  5:05  Zergling x2  
  51  5:12  Zergling x14  
  54  5:18  Zergling x4  
  53  5:23  Zergling x2  
  53  5:25  Zergling x4  
  53  5:28  Queen  
  53  5:38  Baneling  
  53  5:39  Baneling x11  
  53  5:41  Zergling x18  
  62  5:50  Zergling x6  
  60  6:05  Zergling x6  
  50  6:19  Zergling x12  
  50  6:23  Zergling x2  
  50  6:24  Zergling x6  
  56  6:40  Zergling x14  
  57  6:51  Zergling x6  
  58  6:56  Zergling x2  
  58  6:57  Zergling x2  
  56  7:06  Zergling x12  
  56  7:07  Zergling x2  
  54  7:18  Zergling x6  
  54  7:22  Zergling x2  
  50  7:40  Drone  
  50  7:41  Drone x9  
  57  8:03  Drone x8  
Show
View Real Time Build Order
Export as new Build Order

Shock Zerg 

Build Orders: Pool First 

Get SALT Encoding   

  12  0:01  Drone  
  13  0:12  Overlord  
  13  0:16  Drone  
  14  0:30  Drone x2  
  14  0:35  Drone  
  17  0:46  Drone  
  18  0:50  Spawning Pool  
  18  0:56  Drone  
  18  1:07  Drone  
  19  1:17  Hatchery  
  18  1:24  Overlord  
  18  1:32  Extractor  
  17  1:33  Drone  
  17  1:39  Queen  
  20  1:41  Drone  
  21  1:52  Drone  
  22  2:04  Zergling x2  
  23  2:14  Drone  
  24  2:22  Drone  
  25  2:24  Queen  
  27  2:30  Zergling x2  
  27  2:34  Queen  
  27  2:35  Drone  
  31  2:39  Spine Crawler  
  31  2:41  Drone  
  31  2:43  Metabolic Boost  
  31  2:54  Drone  
  31  2:55  Drone x4  
  35  3:19  Drone  
  36  3:20  Overlord  
  36  3:22  Overlord  
  36  3:39  Evolution Chamber  
  36  3:40  Evolution Chamber  
  34  3:43  Drone x5, Roach Warren  
  38  3:49  Drone x6  
  38  3:53  Extractor  
  43  3:56  Drone, Extractor  
  43  3:57  Extractor  
  42  4:05  Drone x2  
  45  4:17  Zergling x8  
  45  4:23  Zergling x2  
  52  4:24  Zergling x6  
  52  4:26  Overlord  
  48  4:40  Roach  
  48  4:41  Roach  
  48  4:42  Roach  
  37  5:02  Drone, Roach  
  37  5:03  Drone x3  
  43  5:11  Roach  
  43  5:12  Roach  
  45  5:20  Roach  
  43  5:22  Queen x2  
  47  5:33  Drone x2  
  47  5:34  Drone  
  48  5:46  Spine Crawler  
  48  5:49  Drone x2  
  49  5:57  Queen  
  49  6:01  Roach  
  49  6:02  Roach  
  55  6:05  Zergling x4  
  34  6:19  Roach  
  34  6:20  Roach  
  34  6:31  Roach  
  34  6:32  Roach  
  31  6:42  Roach x2  
  30  6:55  Roach  
  30  6:56  Roach  
  32  7:13  Drone  
  32  7:14  Drone x3  
  34  7:20  Queen x2  
  34  7:25  Zergling x4  
  36  7:34  Drone x2  
  38  7:43  Spine Crawler  
  37  7:48  Zergling x4  
  39  7:52  Roach Warren  
  39  7:56  Zergling x2  
  39  7:57  Zergling x2  
Tags
 
Add a new tag
Caveats
  • Supply blocks, unpowered buildings, or Contaminate may cause inaccurate times.
  • Supply counts are checked every 10 seconds.